 Dungeon Crawl Stone Soup version 0.23-a0-298-g1df1716405 (webtiles) character file.

0 Manul the Ducker (level 1, 0/11 HPs)
             Began as a Spriggan Abyssal Knight on Oct 6, 2018.
             Was a Follower of Lugonu.
             Slain by a spatial maelstrom (5 damage)
             ... on level 1 of the Abyss.
             The game lasted 00:01:43 (392 turns).

Manul the Ducker (Spriggan Abyssal Knight)           Turns: 392, Time: 00:01:44

Health: 0/11       AC:  4    Str:  8    XL:     1   Next: 0%
Magic:  3/3        EV: 18    Int: 13    God:    Lugonu [*.....]
Gold:   24         SH:  0    Dex: 15    Spells: 0/0 levels left

rFire    . . .     SeeInvis +   a - +1 short sword
rCold    . . .     Gourm    .   (shield restricted)
rNeg     . . .     Faith    .   b - +2 robe
rPois    .         Spirit   .   (helmet restricted)
rElec    .         Reflect  .   (no cloak)
rCorr    .         Harm     .   (gloves unavailable)
MR       .....                  (boots unavailable)
Stlth    +.........             (no amulet)
HPRegen  0.03/turn              (no ring)
MPRegen  0.08/turn              (no ring)

@: very quick
A: very small, unfitting armour, see invisible, herbivore, speed 3, slow
metabolism 2
a: Depart the Abyss, Renounce Religion


You were on level 1 of the Abyss.
You worshipped Lugonu.
Lugonu was aware of your devotion.
You were not hungry.

You visited 0 branches of the dungeon, and saw 0 of its levels.
You visited the Abyss 1 time.

You collected 24 gold pieces.

Inventory:

Hand Weapons
 a - a +1 short sword (weapon)
Armour
 b - a +2 robe (worn)
Scrolls
 e - a scroll of enchant armour
Comestibles
 c - 3 rations


   Skills:
 + Level 2.4 Fighting
 + Level 2.1 Short Blades
 + Level 3.5 Dodging
 + Level 1.7 Invocations


You couldn't memorise any spells.
You didn't know any spells.
Your spell library was empty.

Dungeon Overview and Level Annotations

Branches:
Dungeon (0/15)

Altars:


Innate Abilities, Weirdness & Mutations

You are very small and have problems with some larger weapons.
You are too small for most types of armour.
You have supernaturally acute eyesight. (SInv)
You are a herbivore.
You cover ground extremely quickly.
You need to consume almost no food.


Message History

Ouch! That really hurt!
A starcursed mass splits.
A tentacled starspawn comes into view.
A spatial maelstrom comes into view.
The spatial maelstrom moves out of view.
A spatial vortex comes into view.
The spatial vortex moves out of view.
A spatial vortex comes into view.
A spatial vortex comes into view.
The spatial vortex moves out of view.
A spatial vortex comes into view.
A hell hog comes into view.
A spatial vortex comes into view.
You aren't carrying any potions.
You hit the spatial vortex.
The spatial vortex is lightly damaged.
The spatial maelstrom closely misses you.
The spatial maelstrom barely misses you.
The spatial maelstrom hits you.
You die...

#..##. .....#
# ......
####.#...#.#
##@.##...vh..
#.v.##....#
###.v.....#
.#######..#.v#
.. #....
#.#..# .
#.....### ##.
# ###.....
..## #
##..#.#.....
#.#..##
#..#.## ##


You could see a spatial maelstrom and a spatial vortex.

Vanquished Creatures (others)
  2 starspawn tentacles (Abyss:1)
2 creatures vanquished.

Notes
Turn   | Place    | Note
-------+----------+-------------------------------------------
     0 | Abyss:1  | Manul the Spriggan Abyssal Knight began the quest for the
                  | Orb.
     0 | Abyss:1  | Reached XP level 1. HP: 11/11 MP: 3/3
   150 | Abyss:1  | Found a corrupted altar of Lugonu.
   155 | Abyss:1  | Noticed a large abomination
   155 | Abyss:1  | Noticed a quasit
   168 | Abyss:1  | Noticed a smoke demon
   194 | Abyss:1  | Noticed a large abomination
   202 | Abyss:1  | Noticed a small abomination
   215 | Abyss:1  | Noticed a bone dragon
   219 | Abyss:1  | Noticed a starcursed mass
   240 | Abyss:1  | Noticed a cacodemon
   254 | Abyss:1  | Noticed a wretched star
   260 | Abyss:1  | Noticed a smoke demon
   272 | Abyss:1  | Noticed a hungry ghost
   297 | Abyss:1  | Noticed a raiju
   310 | Abyss:1  | Noticed a small abomination
   353 | Abyss:1  | Noticed a raiju
   364 | Abyss:1  | Noticed a starcursed mass
   374 | Abyss:1  | Noticed a tentacled starspawn
   381 | Abyss:1  | Noticed a spatial maelstrom
   384 | Abyss:1  | Noticed a spatial vortex
   385 | Abyss:1  | Noticed a spatial vortex
   386 | Abyss:1  | Noticed a spatial vortex
   388 | Abyss:1  | Noticed a spatial vortex
   388 | Abyss:1  | Noticed a hell hog
   391 | Abyss:1  | Noticed a spatial vortex
   392 | Abyss:1  | Slain by a spatial maelstrom

Vault maps used:

Action                   || total
-------------------------++-------
Melee: Short sword       ||     1
  Use: Scroll            ||     3
       Potion            ||     2
Armor: Robe              ||     2
Dodge: Dodged            ||     6

Table legend:
 A = Non-vault XP
 B = Vault XP
 C = Vault XP percentage of total XP
 D = Non-vault monster count
 E = Vault monster count
 F = Vault count percentage of total count
                 A         B        C        D         E       F
            +---------+---------+-------+---------+---------+-------
      Total |       0 |       0 |   N/A |       0 |       0 |  -nan
            +---------+---------+-------+---------+---------+-------
            +---------+---------+-------+---------+---------+-------
